 Dungeon Crawl Stone Soup version 0.25.0-1-g7eea58d2a3 (webtiles) character file.

Game seed: 1272569815955196905

15 McIrco the Sneak (level 2, 0/13 HPs)
             Began as a Spriggan Enchanter on June 14, 2020.
             Slain by a jackal (3 damage)
             ... on level 1 of the Dungeon.
             The game lasted 00:00:58 (365 turns).

McIrco the Sneak (Spriggan Enchanter)                Turns: 365, Time: 00:00:59

Health: 0/13       AC:  2    Str:  4    XL:     2   Next: 34%
Magic:  5/7        EV: 18    Int: 16    God:
Gold:   18         SH:  0    Dex: 16    Spells: 6/7 levels left

rFire    . . .     SeeInvis +   a - +1 dagger
rCold    . . .     Gourm    .   (shield restricted)
rNeg     . . .     Faith    .   b - +0 robe
rPois    .         Spirit   .   (helmet restricted)
rElec    .         Reflect  .   (no cloak)
rCorr    .         Harm     .   (gloves unavailable)
MR       .....                  (boots unavailable)
Stlth    +++.......             (no amulet)
HPRegen  0.04/turn              (no ring)
MPRegen  0.10/turn              (no ring)

@: very quick
A: very small, unfitting armour, see invisible, herbivore, speed 3, slow
metabolism 2
a: no special abilities


You were on level 1 of the Dungeon.
You were not hungry.

You visited 1 branch of the dungeon, and saw 1 of its levels.

You collected 18 gold pieces.

Inventory:

Hand Weapons
 a - a +1 dagger (weapon)
Armour
 b - a +0 robe (worn)
Scrolls
 c - 2 scrolls of remove curse {unknown}
 e - a scroll of identify {unknown}
Potions
 f - a potion of invisibility {unknown}
Comestibles
 d - a ration


   Skills:
 + Level 1.1 Short Blades
 * Level 3.2 Dodging
 + Level 4.6 Stealth
 + Level 3.0 Spellcasting
 * Level 4.1 Hexes


You had 6 spell levels left.
You knew the following spells:

 Your Spells              Type           Power        Failure   Level  Hunger
a - Corona                Hex            ###....      3%          1    #......

Your spell library contained the following spells:

 Spells                   Type           Power        Failure   Level  Hunger
 Confusing Touch          Hex            ###.....     11%         3    ###....
 Tukima's Dance           Hex            ###.....     11%         3    ###....
 Ensorcelled Hibernation  Hex/Ice        #.....       12%         2    ##.....
 Dazzling Flash           Conj/Hex       #.....       24%         3    ###....


Dungeon Overview and Level Annotations

Branches:
Dungeon (1/15)

Altars:


Innate Abilities, Weirdness & Mutations

You are very small and have problems with some larger weapons.
You are too small for most types of armour.
You have supernaturally acute eyesight. (SInv)
You are a herbivore.
You cover ground extremely quickly.
You need to consume almost no food.


Message History

You barely miss the rat.
The rat is severely wounded.
The rat bites you but does no damage.
The jackal barks!
You hit the rat.
You kill the rat!
Casting: Corona (safe; 3% risk of failure)
Confirm with . or Enter, or press ? or * to list all spells.
Aiming: Corona (safe; 3% risk of failure)
Press: ? - help, Shift-Dir - straight line, f - jackal
Aim: a jackal (chance to defeat MR: 69%)
The jackal is outlined in light.
Casting: Corona (safe; 3% risk of failure)
Confirm with . or Enter, or press ? or * to list all spells.
Aiming: Corona (safe; 3% risk of failure)
Press: ? - help, Shift-Dir - straight line, f/p - jackal
Aim: a jackal (softly glowing, chance to defeat MR: 69%)
The jackal barely resists.
The jackal bites you.
You die...

#### #... #.#. #.#. ####
###.#. ..# #....† #.#
###.#.##
#######.####.†.....
#.@h.......†.....##
#.#####.#####...##.#.###
#...........>..((..#.#
########.###.#.#.####.##
#........##.#.....##...###
#.######.#)###..#..[.>...#
#.# #.#..#.....##...#.#
#(# .#.#..#)#.####.##.#
#.# #.#.#.#.#.# #.# #


You could see a jackal (corona).

Vanquished Creatures
  4 bats (D:1)
  A goblin (D:1)
  A hobgoblin (D:1)
  3 jackals (D:1)
  2 kobolds (D:1)
  3 rats (D:1)
14 creatures vanquished.

Notes
Turn   | Place    | Note
-------+----------+-------------------------------------------
     0 | D:1      | McIrco the Spriggan Enchanter began the quest for the Orb.
     0 | D:1      | Reached XP level 1. HP: 9/9 MP: 5/5
   224 | D:1      | Reached XP level 2. HP: 13/13 MP: 7/7
   365 | D:1      | Slain by a jackal

Illustrated notes

Levels and vault maps discovered:
D:1:      lightli_arrival_quake, layout_loops_ring, minmay_quantized

Skill      XL: |  1  2 |
---------------+-------+-----
Spellcasting   | 3 |  3.0
Hexes          | 4 |  4.1
Short Blades   | |  1.1
Dodging        | |  3.2
Stealth        | |  4.6

Action                   || total
-------------------------++-------
Melee: Dagger            ||    59
 Cast: Corona            ||     2
 Stab: Sleeping          ||     5
Armor: Robe              ||     6
Dodge: Dodged            ||    49
